Cogmind - Beta 11.1 @@@ ROGUE MODE // 2022.05.21 @ 09:59:49 Player: Jezoensis Result: Destroyed self via exploding Nuclear Reactor Performance ------------- Evolutions (0) 0 Regions Visited (1) 200 Robots Destroyed (20) 100 Value Destroyed (424) 424 Prototype IDs (0) 0 Alien Tech Used (0) 0 Bonus (8) 8 TOTAL SCORE: 732 Bonus ------- High Alert Combat Kills 8 Cogmind --------- Core Integrity 0/250 Matter 292/300 Energy 100/100 System Corruption 0% Temperature Cool (0) Movement Core (450) Ox8 Location -10/Materials Parts ------- > --- POWER (1) -------- (None) > --- PROPULSION (2) --- (None) > --- UTILITY (2) ------ Large Storage Unit Improved Terrain Scanner > --- WEAPON (2) ------- Assault Rifle Assault Rifle > --- INVENTORY (15) --- Light Treads Light Treads Light Treads Light Treads Light Treads Wheel Wheel Wheel Improved Heat Sink Medium Storage Unit High-capacity Storage Unit EM Pulse Gun Mining Laser Peak State ------------ > --- POWER ------------ Ion Engine > --- PROPULSION ------- Wheel Wheel > --- UTILITY ---------- Medium Storage Unit Improved Terrain Scanner > --- WEAPON ----------- Assault Rifle Assault Rifle > --- INVENTORY -------- Light Treads Light Treads Light Treads Wheel Heat Sink Large Storage Unit High-capacity Storage Unit EM Pulse Gun Assault Rifle Mining Laser [Rating: 10] Favorites ----------- Power Ion Engine Engine Ion Engine Propulsion Wheel Wheel Wheel Utility Improved Terrain Scanner Device Improved Terrain Scanner Storage Small Storage Unit Weapon Assault Rifle Energy Gun Small Laser Ballistic Gun Assault Rifle Build | -11 -10 ------- Run | Scr Mat Slots Evolved . | . . Power . | . . Propulsion . | . . Utility . | . . Weapon . | . . Parts Attached 22 | 7 15 Power 3 | 1 2 Engine 3 | 1 2 Core . | . . Reactor . | . . Propulsion 3 | 2 1 Treads . | . . Leg . | . . Wheel 3 | 2 1 Hover . | . . Flight . | . . Utility 9 | 2 7 Device 6 | 1 5 Storage 3 | 1 2 Processor . | . . Hackware . | . . Protection . | . . Artifact . | . . Weapon 7 | 2 5 Energy Gun 2 | 1 1 Energy Cannon . | . . Ballistic Gun 5 | 1 4 Ballistic Cannon . | . . Launcher . | . . Special Weapon . | . . Impact Weapon . | . . Slashing Weapon . | . . Piercing Weapon . | . . Special Melee Weapon . | . . Unidentified Prototypes . | . . Parts Lost 8 | . 8 Power 2 | . 2 Propulsion 3 | . 3 Utility . | . . Weapon 3 | . 3 Highest Loss Streak 4 | . 4 To Critical Strikes . | . . Average Slot Usage (%) 97 | . 97 Engine 12 | . 12 Wheel 28 | . 28 Device 12 | . 12 Storage 14 | . 14 Energy Gun 7 | . 7 Ballistic Gun 20 | . 20 Naked Turns . | . . Heaviest Build 30 | 14 30 Greatest Support 20 | 20 20 Greatest Overweight (x) 1 | . 1 Average Overweight (x) . | . . Largest Inventory Capacity 15 | 8 15 Average Capacity 9 | 6 9 Most Carried 13 | 6 13 Average Carried 8 | 4 8 Final Capacity 15 | 8 15 Final Carried 13 | 6 13 Class Distribution -------------------- 100% | Mutant Dominant Class ---------------- Mutant | -10/Materials Resources | -11 -10 ----------- Run | Scr Mat Matter Collected 648 | 263 385 Remotely . | . . Salvage Created 566 | 17 549 Parts 43 | 3 40 Haulers Intercepted 1 | . 1 Recyclers Shooed . | . . Parts Field Recycled . | . . Retrieved Matter . | . . Parts Self-Destructed . | . . Prevented . | . . Kills | -11 -10 ------- Run | Scr Mat Combat Hostiles Destroyed 13 | . 13 Guns 13 | . 13 Classes Destroyed 7 | 1 6 Worker 2 | . 2 Tunneler 1 | 1 . Hauler 1 | . 1 Operator 1 | . 1 Watcher 2 | . 2 Swarmer 5 | . 5 Grunt 8 | . 8 Best Kill Streak 5 | 1 5 Combat Bots Only 5 | . 5 Max Kills in Single Turn 1 | 1 1 Gunslinging . | . . Exploded . | . . Melee . | . . Uniques/NPCs Destroyed . | . . Combat | -11 -10 -------- Run | Scr Mat Damage Taken 941 | . 941 Core 286 | . 286 Absorbed by Shields . | . . Core Remaining (%) 100 | 100 . Volleys Fired 60 | 4 56 Largest 2 | 2 2 Hottest 60 | 60 60 Shots Fired 120 | 8 112 Gun 120 | 8 112 Cannon . | . . Launcher . | . . Special . | . . Kinetic 92 | 4 88 Thermal 21 | 4 17 Explosive . | . . Electromagnetic 7 | . 7 Robot Hit Streak 7 | 2 7 Robot Miss Streak 5 | 1 5 Penetration Max . | . . Secondary Targets 2 | . 2 Max Gunslinging Chain 1 | . 1 Shots Hit Robots 61 | 4 57 Core Hits 32 | 2 30 Critical Kills 1 | . 1 Critical Parts Destroyed . | . . Critical Strikes 2 | . 2 Destroy 1 | . 1 Corrupt 1 | . 1 Melee Attacks . | . . Impact . | . . Slashing . | . . Piercing . | . . Sneak Attacks . | . . Combat Hostiles . | . . Follow-up Attacks . | . . Damage Inflicted 940 | 57 883 Guns 818 | 57 761 Cannons . | . . Explosions 122 | . 122 Melee . | . . Ramming . | . . Kinetic 610 | 35 575 Thermal 247 | 22 225 Explosive . | . . Electromagnetic 83 | . 83 Impact . | . . Slashing . | . . Piercing . | . . Highest Corruption . | . . Average Corruption . | . . Corruption Purged . | . . Corruption Blocked . | . . Overload Shots . | . . Overflow Damage 165 | . 165 Projectiles . | . . Explosions 165 | . 165 Melee . | . . Knockbacks . | . . Impact . | . . Kinetic . | . . Secondary . | . . Self-Inflicted Damage 342 | . 342 Shots 4 | . 4 Rammed . | . . Targets Rammed . | . . Kicked . | . . Crushed . | . . Highest Temperature 54 | . 54 Average Temperature 26 | . 26 Received Heat Transfer 228 | . 228 Siege Activations . | . . Robots Corrupted . | . . Combat Hostiles . | . . Parts Fried . | . . Impact Corruptions . | . . Robots Melted . | . . Combat Hostiles . | . . Parts Melted . | . . Heat Transferred 475 | 50 425 Parts Sabotaged . | . . Parts Stolen . | . . Parts Stripped . | . . Power Chain Reactions 1 | . 1 Missiles Intercepted . | . . Alert | -11 -10 ------- Run | Scr Mat Peak Influence 401 | 5 401 Initial 3 | . 3 Average 181 | 2 200 Maximum Alert Level 2 | . 2 Low Security (%) 31 | 100 24 Level 1 67 | . 74 Level 2 . | . . Level 3 . | . . Level 4 . | . . Level 5 . | . . High Security . | . . Max Security . | . . Squads Dispatched 4 | . 4 Investigation 2 | . 2 Extermination . | . . Reinforcement 2 | . 2 Assault . | . . Garrison . | . . Intercept . | . . Searches Triggered . | . . Construction Impeded . | . . Haulers Reinforced . | . . Active Scanning Responses . | . . Cargo Convoy Interrupts . | . . Stealth | -11 -10 --------- Run | Scr Mat Distress Signals 2 | . 2 Communications Jammed . | . . Distress Signals . | . . Times Spotted 27 | . 27 Peak Tracking Total 8 | . 8 Tactical Retreats 2 | . 2 Traps | -11 -10 ------- Run | Scr Mat Traps Triggered 2 | . 2 Indirectly . | . . Trap Hack Attempts . | . . Triggered . | . . Disarmed . | . . Reprogrammed . | . . Reused . | . . Traps Extracted . | . . Installed . | . . Triggered . | . . Machines | -11 -10 ---------- Run | Scr Mat Machines Disabled 3 | . 3 Max in Single Turn 2 | . 2 Machines Sabotaged . | . . Garrisons Compromised . | . . Overloaded Fab Kills . | . . Hacking | -11 -10 --------- Run | Scr Mat Machines Accessed 5 | . 5 Terminals 4 | . 4 Fabricators . | . . Repair Stations . | . . Recycling Units 1 | . 1 Scanalyzers . | . . Garrison Access . | . . Total Hacks 15 | . 15 Successful 10 | . 10 Failed 5 | . 5 Catastrophic . | . . Database Lockouts . | . . Manual 14 | . 14 Terminals 14 | . 14 Fabricators . | . . Repair Stations . | . . Recycling Units 1 | . 1 Scanalyzers . | . . Garrison Access . | . . Terminal Hacks 4 | . 4 Robot Analysis 2 | . 2 Terminal Index 1 | . 1 Zone Layout 1 | . 1 Fabricator Hacks . | . . Repair Station Hacks . | . . Recycling Unit Hacks . | . . Scanalyzer . | . . Garrison Access Hacks . | . . Unauthorized Hacks 6 | . 6 Terminals 5 | . 5 Track 1 | . 1 Botnet 2 | . 2 Disrupt 1 | . 1 Operators 1 | . 1 Fabricators . | . . Repair Stations . | . . Recycling Units 1 | . 1 Recyclers 1 | . 1 Scanalyzers . | . . Garrison Access . | . . Data Cores Recovered . | . . Used . | . . Hacking Detections 4 | . 4 Full Trace Events . | . . Feedback Events . | . . Feedback Blocked . | . . Robot Schematics Acquired . | . . Robots Built . | . . Authchips . | . . Time . | . . Total Robot Build Rating . | . . Part Schematics Acquired . | . . Parts Built . | . . Authchips . | . . Time . | . . Total Part Build Rating . | . . Parts Repaired . | . . Time . | . . Parts Recycled . | . . Recycled Matter . | . . Retrieved Matter . | . . Retrieved Components . | . . Parts Scanalyzed . | . . Part Schematics Acquired . | . . Parts Damaged . | . . Bothacking | -11 -10 ------------ Run | Scr Mat Used RIF Installer . | . . Robots Hacked . | . . Non-combat . | . . Combat . | . . Robot Hacks Applied . | . . Relay Couplers Released . | . . Fabnet Peak Effective % . | . . Robots Rewired . | . . Allies Hacked . | . . Hacks Repelled . | . . Allies | -11 -10 -------- Run | Scr Mat Total Allies . | . . Largest Group . | . . Highest-Rated Group . | . . Highest-Rated Ally . | . . Total Orders . | . . Ally Attacks . | . . Total Damage . | . . Kills . | . . Allies Corrupted . | . . Allies Melted . | . . Intel | -11 -10 ------- Run | Scr Mat Robot Analysis Total 2 | . 2 Derelict Logs Recovered . | . . Drone Launches . | . . Drone Recoveries . | . . Exploration | -11 -10 ------------- Run | Scr Mat Turns Passed 607 | 57 550 Spaces Moved 447 | 41 406 Core 17 | 17 . Treads . | . . Legs . | . . Wheels 430 | 24 406 Hover . | . . Flight . | . . Fastest Speed 50 | 50 80 Average Speed 80 | 67 82 Slowest Speed 95 | 80 95 Overloaded Moves . | . . Propulsion Burnouts . | . . Robots Hopped . | . . Cave-ins Triggered . | . . Exploration Rate (%) 44 | 4 84 Regions Visited 1 Branch Regions . Pre-discovered Areas . | . . Known Exits Taken . | . . Unknown Exits Taken 1 | 1 . Scrap Searched . | . . Spaces Dug . | . . Terrain Destroyed 31 | . 31 Melee . | . . Projectile . | . . AOE 31 | . 31 Terrain Rammed . | . . Walls Destroyed . | . . Machines Disabled . | . . Actions | -11 -10 --------- Run | Scr Mat Total 571 | 60 511 Wait 15 | . 15 Move 446 | 40 406 Hop . | . . Pick Up 22 | 9 13 Fast Attach 5 | 4 1 Attach 8 | 3 5 Detach 1 | . 1 Swap 9 | . 9 Drop 5 | . 5 Fire 60 | 4 56 Melee . | . . Ram . | . . Kick . | . . Crush . | . . Escape Stasis . | . . Rewire . | . . Trap . | . . Miscellaneous . | . . Route ------- -11/Scrapyard -10/Materials (discovered 3 exits: [*Mat x2] / [*Min]) History --------- Turn | Location | Event 9 | -11/Scrapyard | Discovered new exit (range 16) 58 | -11/Scrapyard | Entered Materials 262 | -10/Materials | Lost 4 parts (1p1n2w) 278 | -10/Materials | Discovered new exit (range 13) 331 | -10/Materials | Build established: Mutant 364 | -10/Materials | Discovered new exit (range 7) 413 | -10/Materials | Discovered new exit (range 8) 439 | -10/Materials | Core integrity fell below 50% 556 | -10/Materials | Core integrity fell below 20% 608 | -10/Materials | Destroyed self via exploding Nuclear Reactor Last Messages --------------- 00555_ Fusion Modulator explodes. 00555_ Assault Rifle destroyed. 00555_ Destroyed Assault Rifle. 00555_ Fusion Modulator explodes. 00555_ Destroyed Hover Unit. 00555_ Ion Engine destroyed. 00555_ Destroyed Ion Engine. 00556_ K-01 Serf destroyed. 00563_ Acquired Wheel. 00568_ Acquired 22 matter. 00584_ A-02 Transporter destroyed. 00588_ Acquired Lgt. Treads. 00589_ Acquired 30 matter. 00597_ Destroyed Hover Unit. 00603_ W-16 Scout destroyed. 00608_ Nuclear Reactor explodes. 00608_ Wheel destroyed. 00608_ Destroyed Wheel. 00608_ Wheel destroyed. 00608_ Destroyed Wheel. Map ----- +----------------------------------------------------+ | ??????? o % #? | | ??????? * ##### #? | | ??????? #?#?# ##? | | ?????????######+###"" # ""######## #?? | | ??????????????????#" "# !! # #?? | | ?????????????????##" "" T !! # %! #?? | | ?????????????????# " "" # ! ### | | ???????????????"?# " "# + ! ## | | ?????????? ??????# " "# # ## | | ?????????????????##" "# # ## | | ??????????????????#" "########## ######## | | ??????????????????## ! ##??#?##??# #??????# | | ?????????????????#########"###????#????# ##?##??## | | ???????????????#?# ??#%##?#??????###+######### | | ?????????????#???# # #??????#?## """ # | | ?????????#???????# ?# #??#????#?# """ ""R" # | | ???????????????#?# # ########### """ "" " # | | ??????????????##?# # !! ## """ # | | ?????????????????# """ +!%! ## # | | ??????????#??????# """"" #!!! ## ! + | | ?????????????????? """"" ##! ## # | | ???????????????????"""""??# """ ############## | | ????????????????????""" ??# """ # #?# | | ??????????????? ???? ??## """ # #?# | | ?????????????????######### # """ """ #?# | | ????????????# @ + """ """ #?# | | ?????????????# # """ """ #?# | | ?????????????# ###### # #?## | | ?????????????# #????# # "T" #??? | | ?????????????# #???## # #??? | | ?????????????# ##?#?# #####+#####??? | | ???????????? #???########## ######## | | ???????????? "T" | | ????????????? ##+ | | ????????????? ?? # | | ????????????????################################ | | ?????????????????????????????????????????#?????# | | ?????????????????????????????#?????????#????#??# | | ???????????????????????????????????????#??????#### | | | | | | | | | | | | | | | | | | | | | | | +----------------------------------------------------+ Best States ------------- Heat Dissipation 35 Energy Generation 10 Energy Capacity 250 Matter Stores 300 Matter Capacity 300 Sight Range 16 Terrain Scan Range 16 Terrain Scan Density 10 Evasion (%) 44 Item Schematics ----------------- None Robot Schematics ------------------ None Fabricated ------------ Nothing Alien Tech Used ----------------- None Achievements -------------- None Challenges ------------ None Game ------ Seed MachineCloakKatana Manual? 0 Play Time 00:13:06 Cumulative 639.0 hours Start 2022.05.21 @ 09:51:10 End 2022.05.21 @ 09:59:49 Sessions 1 Manual Loads 0 Difficulty Rogue Special Mode None Game No. 328 Rogue 201 Adventurer 125 Explorer 2 Win Type - Total 67 Types 58/3/3/1/1/0/0/0/1 Lore% 75 Gallery% 86 Achievement% 71 Wizard Run 0 Options --------- ASCII 0 Keyboard 1 Movement Numpad Keybinds 0 Fullscreen 1 Font 36/TerminusFine Map View 76x50 Tactical HUD 1 Map Filters NONE Filters NONE Steam 1 RUN: 82b425f3-0ad6-4e27-a974-a0cd8271392e